 Dungeon Crawl Stone Soup version 0.29-a0-993-g4a18f31a58 (webtiles) character file.

Game seed: 2668285637421277932

72 ytrimaz the Chopper (level 4, -5/35 HPs)
             Began as a Formicid Fighter on Aug 3, 2022.
             Slain by Sigmund
             ... wielding a +3 scythe of venom
              (13 damage)
             ... on level 2 of the Dungeon.
             The game lasted 00:01:58 (1261 turns).

ytrimaz the Chopper (Formicid Fighter)              Turns: 1261, Time: 00:01:59

Health: -5/35      AC:  0    Str: 23    XL:     4   Next: 48%
Magic:  4/4        EV: 17    Int:  7    God:
Gold:   46         SH:  0    Dex: 18    Spells: 3/3 levels left

rFire   . . .      SeeInvis .   (weapon currently unavailable)
rCold   . . .      Faith    .   (shield currently unavailable)
rNeg    . . .      Spirit   .   (body armour currently unavailable)
rPois   .          Reflect  .   (helmet unavailable)
rElec   .          Harm     .   (cloak currently unavailable)
rCorr   .          Rampage  .   (gloves currently unavailable)
Will    .....                   (boots currently unavailable)
Stlth   ++........              (no amulet)
HPRegen 0.11/turn               (ring currently unavailable)
MPRegen 0.09/turn               (ring currently unavailable)

@: lethally poisoned (-5 -> -21), bat-form, flying, studying Unarmed Combat,
very quick
A: fast, flying, no casting, permanent stasis, dig shafts and tunnels, tiny,
(antennae 3), four strong arms
a: no special abilities


You were on level 2 of the Dungeon.
You were a bat.
You visited 1 branch of the dungeon, and saw 2 of its levels.

You collected 46 gold pieces.

Inventory:

Hand Weapons
 a - a +0 war axe (melded)
Missiles
 g - 2 boomerangs
Armour
 b - a +0 scale mail (melded)
 c - a +0 buckler (melded)
Jewellery
 j - a ring of fire
Potions
 d - a potion of might
 e - a potion of berserk rage
 f - 3 potions of flight
 h - a potion of mutation {unknown}
 i - a potion of ambrosia {unknown}


   Skills:
 - Level 3.2 Fighting
 + Level 4.4 Axes
 - Level 3.2 Armour
 - Level 4.0 Shields


You had 3 spell levels left.
You didn't know any spells.
Your spell library contained the following spells:

 Spells                   Type           Power      Damage    Failure   Level
 Sandblast                Erth           0%         2d4       43%         1
 Passwall                 Tmut/Erth      0%         N/A       56%         2
 Stone Arrow              Conj/Erth      0%         3d7       80%         3


Dungeon Overview and Level Annotations

Branches:
Dungeon (2/15)

Altars:

Shops:
D:2 (

Annotations:
D:2 Sigmund


Innate Abilities, Weirdness & Mutations

You are a bat.
You are tiny and dextrous.
You move quickly.
You are flying.
Your equipment is almost entirely melded.
You are incapable of wielding weapons or throwing items.
You cannot cast spells.
You cannot be hasted, slowed, berserked, paralysed or teleported.
You can dig through walls and to a lower floor.
((You have a pair of large antennae on your head. (SInv)))
Your four strong arms can wield two-handed weapons with a shield.


Message History

There are monsters nearby!
You hit the ball python.
The ball python is severely wounded.
The ball python bites you but does no damage.
The ball python grabs you. The ball python constricts you.
Sigmund the Dreaded comes into view.
He is wielding a +3 scythe of venom and carrying a wand of polymorph (13).
You slash the ball python!
You kill the ball python!
You hit the worm.
Unknown command.
You slash the worm!
The worm is almost dead.
Sigmund gestures wildly while chanting.
Sigmund flickers and vanishes for a moment.
The worm barely misses you.
You hit the worm.
You kill the worm!
Sigmund zaps a wand.
You turn into a bat.
Your +0 war axe melds into your body.
Your +0 buckler melds into your body.
Your +0 scale mail melds into your body.
Unknown command.
Unknown command.
Found a faded altar of an unknown god.
A nearby plant withers and dies.
Something hits you!
You are poisoned.
Deactivating autopickup; reactivate with Ctrl-A.
You completely miss something.
You feel sick.
A nearby plant withers and dies.
A giant cockroach comes into view.
The giant cockroach moves out of view.
You barely miss something.
You feel sick. Something barely misses you.
Unknown command.
You hit something but do no damage.
You feel sick.
You barely miss something.
You feel sick. Something hits you!
You are lethally poisoned!
Unknown command.
You hit something.
* * * LOW HITPOINT WARNING * * *
You feel very sick. Something hits you!
You die...

..# #.... ..# #.... ..#
##### #####.# #....
#...#.# ########....
+...+.# #).......... .
#...#.###.......(...
....#.......'...........
...P...b$...#..........#
P♣P...{.....#..........#
P..P........#.....)..†.#
_♣P.........############
♣...........#
♣.♣.....##### . ......#
.......#


There were no monsters in sight!

Vanquished Creatures
  2 adders (D:2)
  2 worms (D:2)
  3 dart slugs
  3 ball pythons
  4 endoplasms
  A giant cockroach (D:2)
  2 goblins
  2 hobgoblins
  4 jackals (D:2)
  4 quokkas (D:1)
  3 bats
  A frilled lizard (D:1)
  3 kobolds
  7 rats (D:1)
41 creatures vanquished.

Vanquished Creatures (others)
  3 plants (D:2)
3 creatures vanquished.

Grand Total: 44 creatures vanquished

Notes
Turn   | Place    | Note
-------+----------+-------------------------------------------
     0 | D:1      | ytrimaz the Formicid Fighter began the quest for the Orb.
     0 | D:1      | Reached XP level 1. HP: 18/18 MP: 1/1
    75 | D:1      | Reached XP level 2. HP: 24/24 MP: 2/2
   346 | D:1      | Reached XP level 3. HP: 26/29 MP: 3/3
   989 | D:2      | Found Vustrife's Antique Weapon Shoppe.
  1027 | D:2      | Reached XP level 4. HP: 34/34 MP: 4/4
  1250 | D:2      | Noticed Sigmund
  1256 | D:2      | Found a faded altar of an unknown god.
  1261 | D:2      | Slain by Sigmund

Illustrated notes

Levels and vault maps discovered:
D:1:      dpeg_arrival_radiant, layout_rooms, palyth_stone_intersect
D:2:      layout_basic, serial_shops, shop_statue,
          dreamdust_ecumenical_altar_grove, uniq_sigmund

Skill      XL: |  1  2  3 |
---------------+----------+-----
Axes           | 3 4 |  4.4
Fighting       | |  3.2
Armour         | |  3.2
Shields        | |  4.0

Action                   |  1- 3 |  4- 6 || total
-------------------------+-------+-------++-------
Melee: War axe           |    57 |    30 ||    87
       Unarmed           |       |     5 ||     5
 Abil: Dig               |     1 |       ||     1
  Use: Scroll            |     4 |       ||     4
Armor: Scale mail        |    41 |    14 ||    55
Dodge: Dodged            |    28 |    17 ||    45
Block: Buckler           |    15 |    10 ||    25

Table legend: (Time is in decaauts)
 A = Elapsed time spent in this place.
 B = Non-inter-level travel time spent in this place.
 C = Inter-level travel time spent in this place.
 D = Time resting spent in this place.
 E = Time spent auto-exploring this place.
 F = Levels seen in this place.
 G = Mean time per level.
                   A        B        C        D        E       F      G
               +--------+--------+--------+--------+--------+-----+--------+
         Total |   1291 |   1269 |     22 |    100 |    847 |   2 |  645.5 |
       Dungeon |   1291 |   1269 |     22 |    100 |    847 |   2 |  645.5 |
               +--------+--------+--------+--------+--------+-----+--------+

Top non-repeatable levels by time:
     D:1: 907 daAuts
     D:2: 383 daAuts
